[ AOE2 MATCH · #506390603 ]
UnrankedMaya vs Goths
Player's team · LOSS
Rival team · WIN
[ REPLAY ANALYSIS · EXTRACTED FROM THE RECORDED GAME ]
Feudal
9:02
Castle
23:25
Imperial
35:06
| APM avg | 63.0 |
| APM peak | 94 |
| eAPM avg | 28.9 |
| Villagers / military | 87 / 114 |
Focus
⚔️ 45.7% · 🌾 54.3%
Eagle Scout ×80 · Archer ×24 · Skirmisher ×5 · Monk ×3 · Mangonel ×1 · Spearman ×1
Feudal
9:50
Castle
22:51
Imperial
37:24
| APM avg | 64.8 |
| APM peak | 87 |
| eAPM avg | 33.3 |
| Villagers / military | 147 / 168 |
Focus
⚔️ 29.4% · 🌾 70.6%
Militia ×89 · Huskarl ×60 · Skirmisher ×13 · Spearman ×2 · Bombard Cannon ×2 · Monk ×1
Match map
Initial resources + every placement click. Lines = walls · curves = elevation contours. ◆ gold · ⬟ stone · ● berries · ✦ relic · ◌ wall gap
Your base· Open — 4t gap
AOKI_GworK's base· ✓ Closed at 22:51 · 24t walls · 1 gate(s)
Smoothed initial terrain · ◌ = detected wall gap · hover for details
Inputs per minute
— THL - - AOKI_GworK
Build order — THL
First 150 of 331 actions detected
| 0:01 | Queue | Villager (Male) |
| 0:02 | Research | Loom |
| 0:02 | Research | Loom |
| 0:03 | Queue | Villager (Male) |
| 0:04 | Queue | Villager (Male) |
| 0:04 | Queue | Villager (Male) |
| 0:05 | Build | House |
| 0:06 | Build | House |
| 1:27 | Queue | Villager (Male) |
| 1:27 | Queue | Villager (Male) |
| 1:46 | Build | Lumber Camp |
| 2:07 | Queue | Villager (Male) |
| 2:07 | Queue | Villager (Male) |
| 2:53 | Queue | Villager (Male) |
| 2:53 | Queue | Villager (Male) |
| 3:16 | Queue | Villager (Male) |
| 3:30 | Build | House |
| 3:35 | Queue | Villager (Male) |
| 3:36 | Queue | Villager (Male) |
| 4:13 | Queue | Villager (Male) |
| 4:13 | Queue | Villager (Male) |
| 4:15 | Queue | Villager (Male) |
| 4:16 | Queue | Villager (Male) |
| 5:19 | Build | Mill |
| 5:28 | Queue | Villager (Male) |
| 5:28 | Queue | Villager (Male) |
| 5:57 | Queue | Villager (Male) |
| 6:27 | Build | Mining Camp |
| 6:52 | Research | Feudal Age |
| 6:53 | Research | Feudal Age |
| 7:10 | Build | Palisade Wall |
| 7:12 | Build | Palisade Wall |
| 7:21 | Build | Palisade Wall |
| 7:28 | Build | Palisade Wall |
| 7:31 | Build | Palisade Wall |
| 7:32 | Build | Palisade Wall |
| 7:33 | Build | Palisade Wall |
| 7:36 | Build | Palisade Wall |
| 7:37 | Build | Palisade Wall |
| 7:39 | Build | Palisade Wall |
| 7:41 | Build | Palisade Wall |
| 7:44 | Build | Palisade Wall |
| 8:13 | Build | Palisade Wall |
| 8:16 | Build | Palisade Wall |
| 8:29 | Build | Barracks |
| 8:50 | Build | House |
| 9:02 | Age | Feudal Age |
| 9:04 | Queue | Villager (Male) |
| 9:18 | Build | Archery Range |
| 9:19 | Queue | Spearman |
| 9:28 | Queue | Villager (Male) |
| 9:43 | Queue | Villager (Male) |
| 9:59 | Build | Palisade Wall |
| 10:03 | Build | Palisade Wall |
| 10:04 | Build | Palisade Wall |
| 10:08 | Queue | Archer |
| 10:08 | Queue | Archer |
| 10:13 | Build | Palisade Wall |
| 10:21 | Queue | Archer |
| 10:26 | Queue | Villager (Male) |
| 10:27 | Queue | Villager (Male) |
| 10:31 | Build | House |
| 11:02 | Build | House |
| 11:04 | Build | Farm |
| 11:18 | Queue | Villager (Male) |
| 11:30 | Queue | Villager (Male) |
| 11:36 | Queue | Archer |
| 11:38 | Build | House |
| 11:40 | Build | Farm |
| 11:50 | Build | Palisade Wall |
| 11:51 | Build | Palisade Wall |
| 11:54 | Build | Palisade Wall |
| 12:05 | Queue | Villager (Male) |
| 12:05 | Queue | Villager (Male) |
| 12:45 | Build | House |
| 12:50 | Build | House |
| 12:54 | Queue | Archer |
| 12:54 | Queue | Archer |
| 12:58 | Build | Blacksmith |
| 13:05 | Build | Farm |
| 13:06 | Queue | Skirmisher |
| 13:31 | Queue | Villager (Male) |
| 13:35 | Build | Farm |
| 13:43 | Queue | Skirmisher |
| 13:49 | Queue | Villager (Male) |
| 13:55 | Build | Mill |
| 13:57 | Build | House |
| 14:04 | Queue | Villager (Male) |
| 14:14 | Queue | Villager (Male) |
| 14:24 | Build | Farm |
| 14:25 | Queue | Skirmisher |
| 14:27 | Build | House |
| 14:33 | Build | Palisade Wall |
| 14:48 | Build | Watch Tower |
| 15:09 | Queue | Villager (Male) |
| 15:15 | Queue | Villager (Male) |
| 15:19 | Build | Farm |
| 15:25 | Queue | Skirmisher |
| 15:37 | Queue | Villager (Male) |
| 15:37 | Queue | Villager (Male) |
| 15:47 | Queue | Skirmisher |
| 15:52 | Queue | Villager (Male) |
| 16:08 | Queue | Villager (Male) |
| 16:10 | Build | Mining Camp |
| 16:14 | Queue | Villager (Male) |
| 16:30 | Build | Farm |
| 16:36 | Queue | Villager (Male) |
| 16:49 | Research | Double-Bit Axe |
| 16:49 | Research | Double-Bit Axe |
| 16:51 | Queue | Villager (Male) |
| 17:16 | Queue | Villager (Male) |
| 17:21 | Build | Blacksmith |
| 17:24 | Queue | Villager (Male) |
| 17:29 | Build | House |
| 17:31 | Build | House |
| 17:47 | Queue | Villager (Male) |
| 18:17 | Queue | Villager (Male) |
| 18:23 | Build | Archery Range |
| 18:30 | Research | Fletching |
| 18:30 | Research | Fletching |
| 18:33 | Queue | Villager (Male) |
| 18:59 | Build | Farm |
| 19:01 | Build | House |
| 19:02 | Build | House |
| 19:09 | Build | Palisade Wall |
| 19:13 | Build | Farm |
| 19:17 | Build | Farm |
| 19:19 | Queue | Villager (Male) |
| 19:36 | Queue | Villager (Male) |
| 19:50 | Build | Lumber Camp |
| 20:09 | Build | Farm |
| 20:10 | Build | Farm |
| 20:14 | Build | House |
| 20:15 | Build | House |
| 20:17 | Queue | Villager (Male) |
| 20:22 | Research | Castle Age |
| 20:22 | Research | Castle Age |
| 20:35 | Build | House |
| 20:36 | Build | House |
| 20:44 | Build | Farm |
| 20:49 | Queue | Archer |
| 20:49 | Queue | Archer |
| 20:50 | Queue | Archer |
| 21:00 | Build | Farm |
| 21:18 | Build | Archery Range |
| 21:22 | Build | Archery Range |
| 21:46 | Build | Palisade Wall |
| 21:49 | Queue | Archer |
| 22:17 | Build | House |
| 22:42 | Build | Stone Wall |
Build order — AOKI_GworK
First 150 of 496 actions detected
| 0:01 | Queue | Villager (Male) |
| 0:02 | Build | House |
| 0:04 | Build | House |
| 0:09 | Queue | Villager (Male) |
| 0:17 | Queue | Villager (Male) |
| 0:31 | Queue | Villager (Male) |
| 1:28 | Queue | Villager (Male) |
| 1:28 | Queue | Villager (Male) |
| 1:40 | Build | Lumber Camp |
| 1:58 | Queue | Villager (Male) |
| 1:58 | Queue | Villager (Male) |
| 2:13 | Build | House |
| 2:24 | Queue | Villager (Male) |
| 2:24 | Queue | Villager (Male) |
| 2:48 | Build | House |
| 2:59 | Queue | Villager (Male) |
| 2:59 | Queue | Villager (Male) |
| 3:23 | Queue | Villager (Male) |
| 3:40 | Queue | Villager (Male) |
| 4:08 | Queue | Villager (Male) |
| 4:30 | Queue | Villager (Male) |
| 4:30 | Queue | Villager (Male) |
| 4:49 | Queue | Villager (Male) |
| 5:03 | Build | Barracks |
| 5:25 | Queue | Villager (Male) |
| 5:44 | Queue | Villager (Male) |
| 5:50 | Queue | Villager (Male) |
| 6:36 | Build | Mill |
| 6:39 | Queue | Villager (Male) |
| 6:58 | Research | Loom |
| 7:15 | Queue | Villager (Male) |
| 7:40 | Research | Feudal Age |
| 7:40 | Research | Feudal Age |
| 8:00 | Queue | Militia |
| 8:01 | Queue | Militia |
| 8:12 | Build | Mining Camp |
| 8:18 | Build | Mining Camp |
| 8:21 | Queue | Militia |
| 8:21 | Queue | Militia |
| 8:28 | Queue | Militia |
| 8:43 | Build | House |
| 9:33 | Queue | Villager (Male) |
| 9:50 | Age | Feudal Age |
| 9:54 | Research | Man-at-Arms (upgrade) |
| 9:55 | Research | Man-at-Arms (upgrade) |
| 9:58 | Queue | Villager (Male) |
| 10:00 | Build | Archery Range |
| 10:25 | Queue | Militia |
| 10:26 | Queue | Villager (Male) |
| 10:29 | Queue | Villager (Male) |
| 10:33 | Build | Mill |
| 10:42 | Queue | Skirmisher |
| 10:42 | Queue | Skirmisher |
| 10:57 | Build | Farm |
| 11:15 | Queue | Villager (Male) |
| 11:16 | Build | House |
| 11:21 | Queue | Villager (Male) |
| 11:23 | Build | Farm |
| 11:24 | Build | Farm |
| 11:45 | Research | Double-Bit Axe |
| 11:45 | Research | Double-Bit Axe |
| 11:52 | Build | House |
| 12:04 | Queue | Skirmisher |
| 12:13 | Queue | Skirmisher |
| 12:30 | Queue | Skirmisher |
| 12:38 | Queue | Skirmisher |
| 12:39 | Queue | Spearman |
| 12:44 | Build | Farm |
| 12:45 | Build | Farm |
| 12:49 | Queue | Militia |
| 12:50 | Queue | Villager (Male) |
| 12:54 | Build | Farm |
| 12:59 | Build | House |
| 13:04 | Build | Farm |
| 13:09 | Queue | Militia |
| 13:12 | Queue | Villager (Male) |
| 13:14 | Build | House |
| 13:17 | Build | Palisade Wall |
| 13:30 | Queue | Skirmisher |
| 13:45 | Queue | Villager (Male) |
| 13:47 | Queue | Skirmisher |
| 13:51 | Build | House |
| 13:53 | Build | Palisade Wall |
| 14:07 | Queue | Skirmisher |
| 14:11 | Queue | Villager (Male) |
| 14:14 | Build | Farm |
| 14:16 | Build | Farm |
| 14:18 | Queue | Skirmisher |
| 14:28 | Queue | Villager (Male) |
| 14:42 | Queue | Militia |
| 14:43 | Queue | Skirmisher |
| 14:44 | Queue | Militia |
| 14:45 | Build | Farm |
| 15:04 | Queue | Skirmisher |
| 15:09 | Queue | Villager (Male) |
| 15:10 | Build | House |
| 15:15 | Queue | Villager (Male) |
| 15:18 | Build | Farm |
| 15:30 | Queue | Villager (Male) |
| 15:34 | Build | Farm |
| 15:34 | Build | Farm |
| 15:42 | Build | House |
| 15:44 | Build | Palisade Wall |
| 15:45 | Build | Palisade Wall |
| 15:51 | Queue | Villager (Male) |
| 15:53 | Queue | Spearman |
| 15:57 | Queue | Militia |
| 16:01 | Build | Farm |
| 16:13 | Queue | Skirmisher |
| 16:15 | Queue | Militia |
| 16:22 | Build | House |
| 16:38 | Build | Lumber Camp |
| 16:41 | Queue | Villager (Male) |
| 16:48 | Research | Wheelbarrow |
| 16:49 | Research | Wheelbarrow |
| 16:58 | Build | House |
| 17:02 | Build | House |
| 17:17 | Queue | Villager (Male) |
| 17:25 | Research | Horse Collar |
| 17:32 | Build | House |
| 17:46 | Build | Palisade Wall |
| 17:54 | Build | House |
| 17:55 | Build | Palisade Wall |
| 18:17 | Build | Mining Camp |
| 18:34 | Queue | Villager (Male) |
| 18:38 | Build | Blacksmith |
| 19:05 | Build | House |
| 19:06 | Build | House |
| 19:07 | Build | Palisade Wall |
| 19:09 | Queue | Villager (Male) |
| 19:18 | Build | Palisade Wall |
| 19:21 | Build | Palisade Wall |
| 19:22 | Build | Palisade Wall |
| 19:38 | Queue | Villager (Male) |
| 19:56 | Build | Market |
| 20:11 | Research | Castle Age |
| 20:11 | Research | Castle Age |
| 20:25 | Research | Stone Mining |
| 20:29 | Research | Gold Mining |
| 20:29 | Research | Gold Mining |
| 20:52 | Build | House |
| 21:25 | Build | Palisade Gate |
| 21:27 | Build | Palisade Wall |
| 21:30 | Build | Palisade Wall |
| 21:51 | Build | Farm |
| 22:46 | Queue | Villager (Male) |
| 22:51 | Age | Castle Age |
| 22:54 | Research | Bow Saw |
| 22:54 | Research | Bow Saw |
| 22:57 | Research | Heavy Plow |
Match timeline
| 5:03 | AOKI_GworK · first_building Barracks |
| 7:10 | THL · wall_segment Palisade Wall x1 |
| 7:12 | THL · wall_segment Palisade Wall x1 |
| 7:21 | THL · wall_segment Palisade Wall x1 |
| 7:28 | THL · wall_segment Palisade Wall x1 |
| 7:31 | THL · wall_segment Palisade Wall x1 |
| 7:32 | THL · wall_segment Palisade Wall x1 |
| 7:33 | THL · wall_segment Palisade Wall x1 |
| 7:36 | THL · wall_segment Palisade Wall x1 |
| 7:37 | THL · wall_segment Palisade Wall x1 |
| 7:39 | THL · wall_segment Palisade Wall x1 |
| 7:41 | THL · wall_segment Palisade Wall x1 |
| 7:44 | THL · wall_segment Palisade Wall x1 |
| 8:13 | THL · wall_segment Palisade Wall x1 |
| 8:16 | THL · wall_segment Palisade Wall x1 |
| 8:29 | THL · first_building Barracks |
| 9:02 | THL · age_up feudal |
| 9:18 | THL · first_building Archery Range |
| 9:50 | AOKI_GworK · age_up feudal |
| 9:59 | THL · wall_segment Palisade Wall x1 |
| 10:00 | AOKI_GworK · first_building Archery Range |
| 10:03 | THL · wall_segment Palisade Wall x1 |
| 10:04 | THL · wall_segment Palisade Wall x1 |
| 10:13 | THL · wall_segment Palisade Wall x1 |
| 11:50 | THL · wall_segment Palisade Wall x1 |
| 11:51 | THL · wall_segment Palisade Wall x1 |
| 11:54 | THL · wall_segment Palisade Wall x1 |
| 13:17 | AOKI_GworK · wall_segment Palisade Wall x1 |
| 13:53 | AOKI_GworK · wall_segment Palisade Wall x3 |
| 14:33 | THL · wall_segment Palisade Wall x1 |
| 15:44 | AOKI_GworK · wall_segment Palisade Wall x1 |
| 15:45 | AOKI_GworK · wall_segment Palisade Wall x1 |
| 17:46 | AOKI_GworK · wall_segment Palisade Wall x7 |
| 17:55 | AOKI_GworK · wall_segment Palisade Wall x2 |
| 19:07 | AOKI_GworK · wall_segment Palisade Wall x2 |
| 19:09 | THL · wall_segment Palisade Wall x1 |
| 19:18 | AOKI_GworK · wall_segment Palisade Wall x3 |
| 19:21 | AOKI_GworK · wall_segment Palisade Wall x2 |
| 19:22 | AOKI_GworK · wall_segment Palisade Wall x1 |
| 21:27 | AOKI_GworK · wall_segment Palisade Wall x1 |
| 21:30 | AOKI_GworK · wall_segment Palisade Wall x2 |
| 21:46 | THL · wall_segment Palisade Wall x10 |
| 22:42 | THL · wall_segment Stone Wall x1 |
| 22:46 | THL · wall_segment Stone Wall x1 |
| 22:51 | AOKI_GworK · age_up castle |
| 23:09 | THL · wall_segment Stone Wall x3 |
| 23:18 | AOKI_GworK · first_building Castle |
| 23:25 | THL · age_up castle |
| 24:12 | THL · first_building Siege Workshop |
| 24:38 | AOKI_GworK · first_market_buy 100 wood |
| 24:42 | THL · wall_segment Palisade Wall x1 |
| 24:43 | THL · wall_segment Palisade Wall x1 |
| 27:12 | THL · first_building Monastery |
| 28:46 | THL · wall_segment Stone Wall x2 |
| 31:58 | AOKI_GworK · first_building Monastery |
| 33:06 | THL · wall_segment Stone Wall x11 |
| 33:10 | THL · wall_segment Stone Wall x1 |
| 33:13 | THL · wall_segment Stone Wall x1 |
| 34:26 | THL · wall_segment Stone Wall x1 |
| 34:33 | THL · wall_segment Stone Wall x1 |
| 34:34 | THL · wall_segment Stone Wall x1 |
| 34:37 | THL · wall_segment Stone Wall x1 |
| 34:40 | THL · wall_segment Stone Wall x2 |
| 35:06 | THL · age_up imperial |
| 36:33 | THL · wall_segment Stone Wall x1 |
| 37:24 | AOKI_GworK · age_up imperial |
| 37:40 | AOKI_GworK · first_market_sell 500 wood |
| 39:27 | THL · first_market_sell 100 wood |
| 39:30 | THL · first_market_buy 100 stone |
| 39:36 | THL · first_building Castle |
| 40:12 | AOKI_GworK · first_building Siege Workshop |
| 40:35 | AOKI_GworK · wall_segment Palisade Wall x1 |
| 41:13 | AOKI_GworK · wall_segment Palisade Wall x1 |
| 43:22 | THL · resign |
[ AI ANALYSIS · 1 CREDIT ]
What really happened in this match?
Wolo.gg analyzes every decision: build order, eco, micro, common mistakes by bracket. Personalized analysis on WhatsApp or Discord in 30 seconds.
Civ guide
Maya
Perfil
THL